 Dungeon Crawl Stone Soup version 0.30-a0-845-g7c6808c8ce (webtiles) character file.

Game seed: 6127555101052001248

298 cforsyth the Sneak (level 6, 0/37 HPs)
             Began as a Kobold Brigand on Mar 2, 2023.
             Killed from afar by Sigmund (3 damage)
             ... with a puff of flame
             ... on level 3 of the Dungeon.
             The game lasted 00:04:18 (3589 turns).

cforsyth the Sneak (Kobold Brigand)                 Turns: 3589, Time: 00:04:18

Health: 0/37       AC:  5    Str:  8    XL:     6   Next: 62%
Magic:  6/6        EV: 16    Int:  8    God:
Gold:   147        SH:  0    Dex: 21    Spells: 5/5 levels left

rFire   . . .      SeeInvis .    a - +2 dagger
rCold   . . .      Faith    .    (no shield)
rNeg    . . .      Spirit   .    o - +1 robe of Lugonu's Displeasure {rElec Int-5 Dex+3}
rPois   .          Reflect  .    (no helmet)
rElec   +          Rampage  .    c - +0 cloak
rCorr   .                        (no gloves)
Will    .....                    q - +0 pair of boots
Stlth   +++++                    (no amulet)
HPRegen 0.26/turn                (no ring)
MPRegen 0.10/turn                (no ring)

@: no status effects
A: small, no large weapons, nightstalker 3
a: no special abilities


You were on level 3 of the Dungeon.
You visited 1 branch of the dungeon, and saw 3 of its levels.

You collected 147 gold pieces.

Inventory:

Hand Weapons
 a - a +2 dagger (weapon)
Missiles
 d - 13 poisoned darts (quivered)
 e - 3 curare-tipped darts
Armour
 b - a +0 robe
 c - a +0 cloak (worn)
 o - the +1 robe of Lugonu's Displeasure (worn) {rElec Int-5 Dex+3}
   (You found it on level 2 of the Dungeon)

   Int:       It affects your intelligence (-5).
   Dex:       It affects your dexterity (+3).
   rElec:     It insulates you from electricity.
 q - a +0 pair of boots (worn)
Jewellery
 s - a ring of resist corrosion
Wands
 u - a wand of roots (3)
Scrolls
 f - 7 scrolls of identify {unknown}
 h - a scroll of immolation {unknown}
 n - a scroll of fog {unknown}
 r - a scroll of noise {unknown}
 w - 3 scrolls of amnesia {unknown}
 x - a scroll of silence {unknown}
 y - a scroll of magic mapping {unknown}
 A - a scroll of enchant weapon {unknown}
Potions
 g - a potion of might
 i - 3 potions of heal wounds {unknown}
 j - 3 potions of curing
 k - a potion of cancellation {unknown}
 l - 2 potions of attraction {unknown}
 m - 2 potions of ambrosia {unknown}
 p - a potion of brilliance {unknown}
 t - a potion of resistance {unknown}
 v - a potion of magic {unknown}
 z - 2 potions of berserk rage {unknown}


   Skills:
 + Level 3.6 Fighting
 + Level 4.5 Short Blades
 + Level 3.6 Throwing
 + Level 3.4 Dodging
 + Level 6.6 Stealth


You had 5 spell levels left.
You didn't know any spells.
Your spell library contained the following spells:

 Spells                   Type           Power      Damage    Failure   Level
 Beastly Appendage        Tmut           0%         N/A       41%         1
 Blink                    Tloc           0%         N/A       54%         2
 Lesser Beckoning         Tloc           0%         N/A       54%         2
 Momentum Strike          Conj/Tloc      0%         3d8       54%         2
 Wereblood                Tmut           0%         N/A       54%         2
 Spider Form              Tmut/Pois      0%         N/A       78%         3


Dungeon Overview and Level Annotations

Branches:
Dungeon (3/15)

Altars:

Annotations:
D:3 Robin, Sigmund


Innate Abilities, Weirdness & Mutations

You are small and have problems with some larger weapons.
You are completely attuned to the shadows.


Message History

Sigmund flickers and vanishes!
Deactivating autopickup; reactivate with Ctrl-A.
No target in view!
No target in view!
No target in view!
No target in view!
No target in view!
No target in view!
No target in view!
No target in view!
No target in view!
No target in view!
No target in view!
No target in view!
No target in view!
You hit something. Your punch misses something. Something hits you!
You hit something. You hit something.
You hear some strange, mumbled words.
Something tries to affect you, but you resist.
You miss something.
You hear some strange, mumbled words.
You are confused.
Something hits you!
You hear some strange, mumbled words.
A magic dart appears from out of thin air!
The magic dart hits you!
* * * LOW HITPOINT WARNING * * *
You bump into the rock wall.
Something hits you.
* * * LOW HITPOINT WARNING * * *
You're too confused to move!
You feel less confused.
You hear some strange, mumbled words.
A magic dart appears from out of thin air!
The magic dart hits you!
* * * LOW HITPOINT WARNING * * *
You hear some strange, mumbled words.
A puff of flame appears from out of thin air!
The puff of flame hits you.
You die...

####.#####.###.##....
.....# #.# #.##.##.
###..# ###.###.##.##.
####..# #.....#.......
#.....# #.....####.###
#.##.## #.....# #..#
.##.##.# #.....# ##.#
.......####.....# #.#
....{.@...###### #.#
###..#.###.# ########.#
##8#..#.###.# #........#
.........##.###.########
......#..##.##.#.##
#.###.#..##.#.###.##
#...........[## ##.#
#######.####.###.##
#.......#.##


There were no monsters in sight!

Vanquished Creatures
  A bullfrog (D:3)
  Ijyb (D:3)
  Terence (D:2)
  Natasha (thrice) (D:3)
  2 adders
  A gnoll (D:1)
  2 worms (D:2)
  A dart slug (D:1)
  4 ball pythons (D:2)
  7 bats
  3 endoplasms
  5 giant cockroaches
  14 goblins
  7 hobgoblins
  2 jackals (D:1)
  4 kobolds
  3 quokkas
  4 frilled lizards
  5 rats
70 creatures vanquished.

Vanquished Creatures (others)
  3 plants (D:1)
3 creatures vanquished.

Grand Total: 73 creatures vanquished

Notes
Turn   | Place    | Note
-------+----------+-------------------------------------------
     0 | D:1      | cforsyth the Kobold Brigand began the quest for the Orb.
     0 | D:1      | Reached XP level 1. HP: 12/12 MP: 1/1
   110 | D:1      | Reached XP level 2. HP: 18/18 MP: 2/2
   442 | D:1      | Reached XP level 3. HP: 22/22 MP: 3/3
  1017 | D:2      | Reached XP level 4. HP: 27/27 MP: 4/4
  1329 | D:2      | Identified the +1 robe of Lugonu's Displeasure {rElec Int-5
                  | Dex+3}
  1826 | D:2      | Reached skill level 6 in Stealth
  2013 | D:3      | Noticed Terence
  2016 | D:3      | Noticed Ijyb
  2030 | D:2      | Killed Terence
  2031 | D:2      | Reached XP level 5. HP: 20/32 MP: 5/5
  2044 | D:3      | Killed Ijyb
  2239 | D:3      | Noticed Natasha
  2242 | D:3      | Killed Natasha
  2248 | D:3      | Noticed a bullfrog
  2256 | D:3      | Killed a bullfrog
  2257 | D:3      | Reached XP level 6. HP: 22/37 MP: 6/6
  2438 | D:3      | Noticed Sigmund
  2739 | D:3      | Noticed Natasha
  2754 | D:3      | Killed Natasha
  2907 | D:3      | Found a faded altar of an unknown god.
  3019 | D:3      | Noticed Robin
  3026 | D:3      | Noticed Natasha
  3520 | D:3      | Killed Natasha
  3589 | D:3      | Killed from afar by Sigmund

Illustrated notes

Levels and vault maps discovered:
D:1:      roderic_crop_circles_arrival_small, layout_basic,
          minmay_misc_feat_five, kennysheep_boxes
D:2:      layout_basic, serial_glass, glass_columns_a, glass_columns_a,
          glass_columns_a, glass_columns_a
D:3:      layout_loops_cross, dreamdust_ecumenical_altar_statues,
          chequers_hall_statues_wall_a, minivault_27, uniq_ijyb, uniq_robin,
          uniq_sigmund, uniq_terence, uniq_natasha

Skill      XL: |  1  2  3  4  5 |
---------------+----------------+-----
Short Blades   | 3 4 |  4.5
Dodging        | 2 3 |  3.4
Stealth        | 6 |  6.6
Fighting       | 3 |  3.6
Throwing       | 3 |  3.6

Action                     |  1- 3 |  4- 6 || total
---------------------------+-------+-------++-------
  Melee: Dagger            |    54 |   191 ||   245
         Punch             |     1 |     3 ||     4
    Use: Potion            |       |     1 ||     1
   Stab: Sleeping          |    15 |    17 ||    32
 Armour: Robe              |     2 |    31 ||    33
  Dodge: Dodged            |    26 |   141 ||   167

Table legend: (Time is in decaauts)
 A = Elapsed time spent in this place.
 B = Non-inter-level travel time spent in this place.
 C = Inter-level travel time spent in this place.
 D = Time resting spent in this place.
 E = Time spent auto-exploring this place.
 F = Levels seen in this place.
 G = Mean time per level.
                   A        B        C        D        E       F      G
               +--------+--------+--------+--------+--------+-----+--------+
         Total |   3558 |   3516 |     42 |    760 |   2131 |   3 | 1186.0 |
       Dungeon |   3558 |   3516 |     42 |    760 |   2131 |   3 | 1186.0 |
               +--------+--------+--------+--------+--------+-----+--------+

Top non-repeatable levels by time:
     D:2: 1672 daAuts
     D:3: 945 daAuts
     D:1: 940 daAuts
